 Dungeon Crawl Stone Soup version 0.21-a0-591-g2314aa1 (webtiles) character file.

402 rabbitfr the Shield-Bearer (level 6, -5/43 HPs)
             Began as an Octopode Fighter on Dec 22, 2017.
             Killed from afar by Thaneod's ghost (14 damage)
             ... with a flame tongue
             ... on level 4 of the Dungeon.
             The game lasted 00:11:36 (4611 turns).

rabbitfr the Shield-Bearer (Octopode Fighter)       Turns: 4611, Time: 00:11:37

Health: -5/43      AC:  1    Str: 16    XL:     6   Next: 85%
Magic:  6/6        EV: 12    Int: 12    God:
Gold:   70         SH:  9    Dex: 11    Spells: 5/5 levels left

rFire    . . .     SeeInvis .   a - +1 trident
rCold    . . .     Gourm    .   b - +0 shield
rNeg     . . .     Faith    .   (helmet restricted)
rPois    .         Spirit   .   (no amulet)
rElec    .         Reflect  .   (no ring)
rCorr    .         Harm     .   (no ring)
MR       .....                  (no ring)
Stlth    ++........             (no ring)
HPRegen  0.14/turn              (no ring)
MPRegen  0.10/turn              (no ring)
                                (no ring)
                                (no ring)

@: no status effects
A: almost no armour, stealthy swim, amphibious, 8 rings, constrict 8, camouflage
1, gelatinous body 1
a: no special abilities


You were on level 4 of the Dungeon.
You were not hungry.

You visited 1 branch of the dungeon, and saw 4 of its levels.

You collected 70 gold pieces.

Inventory:

Hand Weapons
 a - a +1 trident (weapon)
Missiles
 i - 133 stones
 p - 20 sling bullets
 q - 3 tomahawks (quivered)
Armour
 b - a +0 shield (worn)
Wands
 f - a wand of flame (33)
 o - a wand of polymorph (13)
Scrolls
 l - a scroll of identify
 r - a scroll of enchant weapon
Potions
 c - a potion of might
 e - 3 potions of agility {unknown}
 g - 2 potions of ambrosia
 h - a potion of lignification {unknown}
 j - 2 potions of haste {unknown}
 k - 2 potions of heal wounds {unknown}
 m - a potion of curing {unknown}
 n - 2 potions of invisibility {unknown}
Comestibles
 d - 9 rations


   Skills:
 + Level 4.2 Fighting
 * Level 4.6 Polearms
 - Level 3.0 Dodging
 * Level 5.2 Shields


You had 5 spell levels left.
You didn't know any spells.

Dungeon Overview and Level Annotations

Branches:
Dungeon (4/15)
 Temple: D:4-7

Altars:
Ashenzari
Nemelex Xobeh
Yredelemnul

Annotations:
D:4 Thaneod's ghost, amateur DEFE


Innate Abilities, Weirdness & Mutations

You cannot wear most types of armour.
You are very stealthy in the water. (Stealth+)
You are amphibious.
You can wear up to eight rings at the same time.
You can use your tentacles to constrict eight enemies at once.
Your skin changes colour to match your surroundings (Stealth+).
Your rubbery body absorbs attacks. (AC +1, EV +1)


Message History

The orc wizard casts a spell.
The orc wizard blinks!
Thaneod's ghost casts a spell at you. The flame tongue hits you!
* * * LOW HITPOINT WARNING * * *
The orc wizard closely misses you.
The orc wizard points at you and mumbles some strange words.
You resist with some effort. You block the orc wizard's attack.
Thaneod's ghost gestures at you while chanting.
You block the flame tongue. The orc wizard hits you with a dagger.
* * * LOW HITPOINT WARNING * * *
The orc wizard is no longer moving quickly.
You block the orc's attack.
The orc wizard casts a spell.
The orc wizard blinks!
You block Thaneod's ghost's attack. You block Thaneod's ghost's attack.
Thaneod's ghost casts a spell at you. The flame tongue hits you!
You die...

#......###........
##......#
##.......
#.......# .......
##.......##
#.......<.#
##.........#
#..........#
##.......o..#
#....†...@..##
#.......o....#
##......W....#
#......o.o...#
#............#
##............#
##....#.......##
#.....##..#####
##...######


You could see an orc wizard, Thaneod's ghost and 3 orcs.

Vanquished Creatures
  The ghost of rabbitfr the Insei, an amateur OpTm (D:3)
  An orc wizard (D:4)
  Jessica (D:2)
  2 bullfrog skeletons (D:4)
  An iguana (D:4)
  A worker ant (D:4)
  3 adders
  An ooze (D:3)
  2 adder zombies (D:2)
  4 worms
  4 leopard geckos
  5 orcs
  7 bats
  A bat skeleton (D:2)
  5 giant cockroaches
  2 gnoll zombies (D:2)
  7 goblins
  6 hobgoblins
  5 jackals (D:1)
  4 kobolds
  A quokka (D:2)
  A ball python (D:3)
  2 frilled lizards
  A jackal zombie (D:2)
  A leopard gecko skeleton (D:4)
  6 rats
  A bush (D:3)
76 creatures vanquished.

Notes
Turn   | Place    | Note
-------+----------+-------------------------------------------
     0 | D:1      | rabbitfr the Octopode Fighter began the quest for the Orb.
     0 | D:1      | Reached XP level 1. HP: 16/16 MP: 1/1
    94 | D:1      | Reached XP level 2. HP: 21/21 MP: 2/2
   888 | D:2      | Reached XP level 3. HP: 20/26 MP: 3/3
  1333 | D:2      | Found a basalt altar of Yredelemnul.
  1403 | D:2      | Found a shattered altar of Ashenzari.
  1694 | D:2      | Reached XP level 4. HP: 20/31 MP: 4/4
  2067 | D:2      | Noticed Jessica
  2071 | D:2      | Killed Jessica
  2071 | D:2      | Reached skill level 4 in Shields
  2428 | D:3      | Noticed rabbitfr's ghost (amateur OpTm)
  2467 | D:3      | Killed rabbitfr's ghost
  2467 | D:3      | Reached XP level 5. HP: 5/37 MP: 5/5
  2884 | D:3      | Reached XP level 6. HP: 41/43 MP: 6/6
  3419 | D:3      | Found a sparkling altar of Nemelex Xobeh.
  4199 | D:4      | Reached skill level 5 in Shields
  4574 | D:4      | Noticed Thaneod's ghost (amateur DEFE)
  4611 | D:4      | Killed from afar by Thaneod's ghost

Vault maps used:
D:1:      evilmike_arrival_crescent
D:2:      lemuel_zombie_altar_yredelemnul, ashenzari_altar_1, serial_undead,
          serial_undead_e, serial_undead_e, serial_undead_d, serial_undead_a,
          uniq_jessica
D:3:      first_ration, serial_forest, infiniplex_forest_end_2,
          infiniplex_forest_end_double, infiniplex_forest_straight_4,
          infiniplex_forest_clump_long, infiniplex_forest_pool,
          infiniplex_forest_zigzag_1, infiniplex_forest_zigzag_1,
          infiniplex_forest_lined_room_3, infiniplex_forest_clump_C,
          nemelex_dance_club_becter

Skill      XL: |  1  2  3  4  5  6 |
---------------+-------------------+-----
Polearms       | 3 4 |  4.6
Shields        | 4 5 |  5.2
Fighting       | 4 |  4.2
Dodging        | |  3.0

Action                   |  1- 3 |  4- 6 || total
-------------------------+-------+-------++-------
Melee: Trident           |    77 |   171 ||   248
       Constrict         |    20 |    20 ||    40
       Tentacles         |    13 |    30 ||    43
Throw: Tomahawk          |       |     3 ||     3
       Stone             |       |     2 ||     2
Evoke: Wand              |       |     1 ||     1
  Use: Scroll            |     3 |     4 ||     7
 Stab: Sleeping          |     3 |     8 ||    11
       Distracted        |     1 |       ||     1
  Eat: Chunk             |     2 |    10 ||    12
Armor: Skin              |     7 |       ||     7
Dodge: Dodged            |    21 |    36 ||    57
Block: Shield            |    27 |    42 ||    69

Table legend:
 A = Spawn XP
 B = Non-spawn XP
 C = Spawn XP percentage of total XP
 D = Spawn monster count
 E = Non-spawn monster count
 F = Spawn count percentage of total count
 G = Total turns spent on level
                    A         B        C        D         E        F      G
               +---------+---------+-------+---------+---------+-------+---------
         Total |       0 |     575 |   0.0 |       0 |      75 |   0.0 |  4611
               +---------+---------+-------+---------+---------+-------+---------
           D:1 |       0 |      32 |   0.0 |       0 |      17 |   0.0 |   821
           D:2 |       0 |     103 |   0.0 |       0 |      21 |   0.0 |  1536
           D:3 |       0 |     212 |   0.0 |       0 |      23 |   0.0 |  1602
           D:4 |       0 |     228 |   0.0 |       0 |      14 |   0.0 |   652
               +---------+---------+-------+---------+---------+-------+---------
